 Dungeon Crawl Stone Soup version 0.13.1-2-gfb2c2b7 (webtiles) character file.

274 Lilouch the Skirmisher (level 5, 0/40 HPs)
             Began as a Mummy Chaos Knight on Dec 12, 2013.
             Was a Plaything of Xom.
             Killed by divine providence
             ... invoked by an orc priest
              (15 damage)
             ... on Level 4 of the Dungeon.
             The game lasted 00:06:11 (3136 turns).

Lilouch the Skirmisher (Mummy Chaos Knight)         Turns: 3136, Time: 00:06:12

HP   0/40        AC  5     Str 16      XL: 5   Next: 57%
MP   5/5         EV 10     Int 11      God: Xom
Gold 63          SH  0     Dex 11      Spells:  0 memorised,  4 levels left

Res.Fire  : x . .   See Invis. : .   a - +0 spear (chaos) {=f}
Res.Cold  : + . .   Warding    : .   b - +2 leather armour
Life Prot.: + + +   Conserve   : .   (no shield)
Res.Poison: +       Res.Corr.  : .   (no helmet)
Res.Elec. : .       Clarity    : .   (no cloak)
Sust.Abil.: . .     Spirit.Shd : .   (no gloves)
Res.Mut.  : .       Stasis     : .   (no boots)
Res.Rott. : +       Flight     : .   (no amulet)
Saprovore : . . .                    (no ring)
                                     (no ring)

@: slightly resistant to hostile enchantments, very unstealthy
A: no food or potions, fire vulnerability, restore body, cold resistance 1, life
protection 3, poison resistance, torment resistance, unbreathing
a: Renounce Religion


You were on level 4 of the Dungeon.
You worshipped Xom.
You were a very special plaything of Xom.
You were not hungry.

You visited 1 branch of the dungeon, and saw 4 of its levels.

You collected 43 gold pieces.

Inventory:

Hand weapons
 a - a +0,+0 spear of chaos (weapon) {=f}
Armour
 b - a +2 leather armour (worn)
Scrolls
 c - a scroll of random uselessness {unknown}
 d - a scroll of blinking {unknown}
 e - 3 scrolls of remove curse {unknown}
 f - 2 scrolls of recharging {unknown}
 g - a scroll of enchant weapon I {unknown}
 i - 2 scrolls of identify {unknown}
 j - a scroll of enchant weapon II {unknown}
 k - a scroll of teleportation {unknown}
 l - a scroll of fog {unknown}
 m - a scroll of enchant armour {unknown}
 o - a scroll of fear {unknown}
Jewellery
 h - an uncursed ring of positive energy {unknown}
Books
 n - a book of Party Tricks

   Spells                             Type                      Level
   Summon Butterflies                 Summoning                    1
   Apportation                        Translocation                1
   Blink                              Translocation                2
   Alistair's Intoxication            Transmutation/Poison         4
   Tukima's Dance                     Hexes                        5
 p - a book of Transfigurations

   Spells                             Type                      Level
   Stoneskin                          Transmutation/Earth          2
   Polymorph                          Hexes/Transmutation          4
   Ice Form                           Ice/Transmutation            4
   Statue Form                        Transmutation/Earth          6
   Dragon Form                        Transmutation                7


   Skills:
 + Level 4.2 Fighting
 + Level 3.6 Polearms
 + Level 3.1 Armour
 - Level 0.7 Dodging


You had 4 spell levels left.
You didn't know any spells.

Dungeon Overview and Level Annotations

Branches:
Dungeon (4/27)
 Temple: D:4-7

Altars:
Yredelemnul


Innate Abilities, Weirdness & Mutations

You do not eat or drink.
Your flesh is vulnerable to fire.
Your flesh is cold resistant.
You are immune to negative energy.
Your system is resistant to poisons.
You are immune to unholy pain and torment.
You can survive without breathing.


Message History

The orc wizard shouts!
An orc comes into view.
An adder comes into view.
Attack whom?
Press: ? - help, Dir - move target cursor, f - adder
Aim: an adder You reach to attack!
You hit the adder.
The adder is lightly wounded.
The orc priest shouts!
The adder closely misses you.
The orc shouts!
The orc priest calls down the wrath of Beogh upon you.
You are unaffected.
The adder bites you.
The orc priest looks braver.
The adder barely misses you.
The orc priest mumbles some strange prayers to Beogh against you.
Something smites you!
You die...
Xom giggles madly!

. #.# ##..# #. #.#
##..# #.
##.#####...# #.
####........... #.
#...o..o.#..... #.
#...###..#..... #.
#...# #..##...#
#.###o..###..####.#
#.@S.o.......# ..
#######..##### ##
#..# ......
.##.#.## # #.#.#
#.#.# #.#..o . #


You could see an orc priest, an adder and an orc.

Vanquished Creatures
  An orc priest (D:4)
  An orc wizard (D:4)
  Blork the orc (D:4)
  9 adders
  3 orcs (D:4)
  2 ball pythons
  4 giant cockroaches
  7 goblins
  5 hobgoblins
  3 bats
  A giant gecko (D:4)
  5 giant newts
  7 kobolds
  A kobold skeleton (D:4)
  2 quokkas
  8 rats
60 creatures vanquished.

Vanquished Creatures (collateral kills)
  A rat (D:3)
1 creature vanquished.

Vanquished Creatures (others)
  A giant cockroach zombie (D:3)
1 creature vanquished.

Grand Total: 62 creatures vanquished

Notes
Turn   | Place    | Note
--------------------------------------------------------------
     0 | D:1      | Lilouch, the Mummy Chaos Knight, began the quest for the Orb.
     0 | D:1      | Reached XP level 1. HP: 16/16 MP: 1/1
    31 | D:1      | XOM: potion effect (invisibility)
   270 | D:1      | XOM: noise
   402 | D:1      | Reached XP level 2. HP: 16/22 MP: 2/2
  1115 | D:2      | Reached XP level 3. HP: 22/28 MP: 3/3
  1138 | D:2      | XOM: harmless Erth miscast
  1448 | D:2      | Reached XP level 4. HP: 25/34 MP: 4/4
  2252 | D:4      | Found a basalt altar of Yredelemnul.
  2269 | D:4      | Reached skill level 4 in Fighting
  2621 | D:4      | Reached XP level 5. HP: 40/40 MP: 5/5
  2677 | D:4      | XOM: colour smoke trail
  2685 | D:4      | XOM: harmless Conj miscast
  2695 | D:4      | XOM: divination: detect creatures
  2732 | D:4      | XOM: harmless Trmt miscast
  2934 | D:4      | XOM: harmless Hex miscast
  3005 | D:4      | XOM: harmless Summ miscast
  3038 | D:4      | Noticed Blork the orc
  3054 | D:4      | Killed Blork the orc
  3136 | D:4      | Killed from afar by an orc priest

Action                   |  1- 3 |  4- 6 || total
-------------------------+-------+-------++-------
Melee: Spear             |   116 |   143 ||   259
 Stab: Petrified         |     1 |     1 ||     2
       Invisible         |     1 |       ||     1
       Paralysed         |     2 |       ||     2
